 Seeded DCSS version 0.28-a0-861-ge64d6db94f (webtiles) character file.

Game seed: 20211116 (custom seed)

37 a11behringer the Slasher (level 3, 0/31 HPs)
             Began as a Draconian Berserker on Nov 16, 2021.
             Was a Follower of Trog.
             Succumbed to an adder's poison
             ... on level 2 of the Dungeon.
             The game lasted 00:03:21 (860 turns).

a11behringer the Slasher (Draconian Berserker)       Turns: 860, Time: 00:03:22

Health: 0/31       AC:  5    Str: 20    XL:     3   Next: 21%
Magic:  3/3        EV: 12    Int:  7    God:    Trog [*.....]
Gold:   70         SH:  0    Dex: 10    Spells: 2/2 levels left

rFire   . . .      SeeInvis .   a - +0 falchion
rCold   . . .      Faith    .   (no shield)
rNeg    . . .      Spirit   .   (armour unavailable)
rPois   .          Reflect  .   (helmet restricted)
rElec   .          Harm     .   (no cloak)
rCorr   .          Rampage  .   (no gloves)
Will    .....                   (no boots)
Stlth   +.........              (no amulet)
HPRegen 0.10/turn               (no ring)
MPRegen 0.08/turn               (no ring)

@: lethally poisoned (0 -> -1)
A: AC +5, unfitting armour, cold-blooded
a: Renounce Religion, Berserk


You were on level 2 of the Dungeon.
You worshipped Trog.
Trog was aware of your devotion.
You visited 1 branch of the dungeon, and saw 2 of its levels.

You collected 70 gold pieces.

Inventory:

Hand Weapons
 a - a +0 falchion (weapon)
Armour
 e - a scarf of shadows
Scrolls
 c - a scroll of blinking {unknown}
Potions
 b - a potion of might {unknown}
 d - 2 potions of heal wounds {unknown}
 f - a potion of ambrosia {unknown}


   Skills:
 + Level 3.5 Fighting
 * Level 3.9 Long Blades
 + Level 3.0 Dodging


You had 2 spell levels left.
You didn't know any spells.
Your spell library was empty.

Dungeon Overview and Level Annotations

Branches:
Dungeon (2/15)

Altars:


Innate Abilities, Weirdness & Mutations

Your plain brown scales are hard. (AC +5)
You cannot fit into any form of body armour.
You are cold-blooded and may be slowed by cold attacks.


Message History

The adder bites you. The frilled lizard misses you.
You barely miss the adder.
The adder is heavily wounded.
The adder bites you but does no damage. The frilled lizard closely misses you.
The adder bites you but does no damage.
You barely miss the adder.
The adder is heavily wounded.
The frilled lizard closely misses you. The adder bites you but does no damage.
You closely miss the adder.
The adder is moderately wounded.
The adder barely misses you. The frilled lizard closely misses you.
You closely miss the adder.
The adder is moderately wounded.
The adder closely misses you. The frilled lizard misses you.
The adder bites you.
* * * LOW HITPOINT WARNING * * *
You closely miss the adder.
The adder is moderately wounded.
The frilled lizard barely misses you. The adder bites you.
* * * LOW HITPOINT WARNING * * *
You are lethally poisoned!
The adder poisons you! The frilled lizard barely misses you.
You slash the adder!
You kill the adder!
Trog accepts your kill.
* * * LOW HITPOINT WARNING * * *
You feel sick. The frilled lizard closely misses you.
You have reached level 3!
Your experience leads to an increase in your attributes!
Increase (S)trength, (I)ntelligence, or (D)exterity?
You feel stronger.
Your scales feel tougher.
You closely miss the frilled lizard.
Your tail-slap misses the frilled lizard.
* * * LOW HITPOINT WARNING * * *
You feel sick. The frilled lizard closely misses you.
You barely miss the frilled lizard.
* * * LOW HITPOINT WARNING * * *
You feel sick. The frilled lizard barely misses you.
You hit the frilled lizard but do no damage.
You die...

#.!..####§..
#####..§.§..§...
#........§.§....
#......§§§§§... #
#.......§§#..# ..
#...$........#...
#.......†l#......
#.......@........
#......:..$..#.#
#######.####..... ##.#
#... ########..## .....
#......>...###.#.#.##...#
#.......................
#...................#..
#.....................


You could see a frilled lizard.

Vanquished Creatures
  An adder (D:2)
  A worm (D:2)
  2 ball pythons
  2 endoplasms (D:1)
  A giant cockroach (D:1)
  3 goblins
  2 hobgoblins (D:1)
  2 jackals (D:1)
  2 kobolds (D:1)
  3 bats
  2 frilled lizards (D:2)
  2 rats
23 creatures vanquished.

Notes
Turn   | Place    | Note
-------+----------+-------------------------------------------
     0 | D:1      | a11behringer the Draconian Berserker began the quest for
                  | the Orb.
     0 | D:1      | Reached XP level 1. HP: 19/19 MP: 1/1
   209 | D:1      | Reached XP level 2. HP: 25/26 MP: 2/2
   814 | D:2      | Found a faded altar of an unknown god.
   858 | D:2      | Reached XP level 3. HP: 3/31 MP: 3/3
   859 | D:2      | HP: 1/31 [poisoned by an adder]
   860 | D:2      | Succumbed to an adder's poison

Illustrated notes

Levels and vault maps discovered:
D:1:      minmay_arrival_solitary_statue, layout_basic
D:2:      layout_rooms, ebering_ecumenical_altar_mist

Skill      XL: |  1  2 |
---------------+-------+-----
Dodging        | 3 |  3.0
Fighting       | |  3.5
Long Blades    | |  3.9

Action                   || total
-------------------------++-------
Melee: Falchion          ||    82
       Tailslap          ||    10
  Use: Scroll            ||     1
Armor: Skin              ||    35
Dodge: Dodged            ||    50

Table legend: (Time is in decaauts)
 A = Elapsed time spent in this place.
 B = Non-inter-level travel time spent in this place.
 C = Inter-level travel time spent in this place.
 D = Time resting spent in this place.
 E = Time spent auto-exploring this place.
 F = Levels seen in this place.
 G = Mean time per level.
                   A        B        C        D        E       F      G
               +--------+--------+--------+--------+--------+-----+--------+
         Total |    869 |    778 |     91 |      0 |    590 |   2 |  434.5 |
       Dungeon |    869 |    778 |     91 |      0 |    590 |   2 |  434.5 |
               +--------+--------+--------+--------+--------+-----+--------+

Top non-repeatable levels by time:
     D:1: 686 daAuts
     D:2: 182 daAuts
